BSA
SAN FRANCISCO BANDITS @ NIAGARA FALLS FRENZY
05/29/2026
 
TOP OF THE 1ST
San Francisco Bandits batting - Pitching for Niagara Falls Frenzy : RHP Luis López
Pitching: RHP Luis López
Batting: RHB Pete Rideout 0-0: SINGLE (Line Drive, 89M)
Batting: RHB Cory Foster 0-0: Called Strike
0-1: Ball
1-1: Grounds into double play, 5-4-3 (Groundball, 5)
Batting: RHB Jorge Morales 0-0: Foul Ball, location: 2F
0-1: Called Strike
0-2: Strikes out looking
Top of the 1st over - 0 run(s), 1 hit(s), 0 error(s), 0 left on base; San Francisco 0 - Niagara Falls 0
BOTTOM OF THE 1ST
Niagara Falls Frenzy batting - Pitching for San Francisco Bandits : LHP Esteban Peña
Pitching: LHP Esteban Peña
Batting: SHB Martín De Jesús 0-0: Called Strike
0-1: Ground out 6-3 (Groundball, 6)
Batting: LHB Clyde Yarbrough 0-0: Ball
1-0: Foul Ball, location: 2F
1-1: Called Strike
1-2: Ball
2-2: Ground out 5-3 (Groundball, 5S)
Batting: RHB Lawrence Schroeder 0-0: Called Strike
0-1: Foul Ball, location: 2F
0-2: SOLO HOME RUN (Flyball, 7D), Distance : 379 ft
Batting: LHB Dante Owens 0-0: SINGLE (Line Drive, 6D)
Batting: RHB Ángel Hinojosa 0-0: Called Strike
0-1: Ball
1-1: Ball
2-1: Fielders Choice at 2nd, U6 (Groundball, 6M)
Bottom of the 1st over - 1 run(s), 2 hit(s), 0 error(s), 1 left on base; San Francisco 0 - Niagara Falls 1
TOP OF THE 2ND
San Francisco Bandits batting - Pitching for Niagara Falls Frenzy : RHP Luis López
Batting: RHB Michael Elliott 0-0: Called Strike
0-1: SINGLE (Line Drive, 6M)
Batting: LHB Jerry Bryan 0-0: Grounds into double play, 4-6-3 (Groundball, 4)
Batting: RHB Bob Orr 0-0: Ball
1-0: Swinging Strike
1-1: Ball
2-1: Foul Ball, location: 2F
2-2: Ball
3-2: Foul Ball, location: 2F
3-2: Strikes out swinging
Top of the 2nd over - 0 run(s), 1 hit(s), 0 error(s), 0 left on base; San Francisco 0 - Niagara Falls 1
BOTTOM OF THE 2ND
Niagara Falls Frenzy batting - Pitching for San Francisco Bandits : LHP Esteban Peña
Batting: RHB Zander Tremblett 0-0: Ground out 6-3 (Groundball, 6)
Batting: LHB Bill Hall 0-0: Ball
1-0: Foul Ball, location: 2F
1-1: Ball
2-1: Fly out, F9 (Flyball, 9M)
Batting: SHB Jong-min Kim 0-0: Fly out, F9 (Flyball, 9M)
Bottom of the 2nd over - 0 run(s), 0 hit(s), 0 error(s), 0 left on base; San Francisco 0 - Niagara Falls 1
TOP OF THE 3RD
San Francisco Bandits batting - Pitching for Niagara Falls Frenzy : RHP Luis López
Batting: SHB Vicente Ricks 0-0: Ball
1-0: Foul Ball, location: 2F
1-1: Swinging Strike
1-2: Ground out U3 (Groundball, 3)
Batting: RHB Emílio Bruno 0-0: Called Strike
0-1: Called Strike
0-2: Ball
1-2: Ball
2-2: Strikes out looking
Batting: RHB Javier Ramírez 0-0: Ball
1-0: SINGLE (Groundball, 4MD)
Batting: RHB Pete Rideout 0-0: Ball
Javier Ramírez is caught stealing 2nd base
Top of the 3rd over - 0 run(s), 1 hit(s), 0 error(s), 0 left on base; San Francisco 0 - Niagara Falls 1
BOTTOM OF THE 3RD
Niagara Falls Frenzy batting - Pitching for San Francisco Bandits : LHP Esteban Peña
Batting: RHB Santiago Zambrano 0-0: Ground out 4-3 (Groundball, 4)
Batting: SHB Martín De Jesús 0-0: Called Strike
0-1: Ball
1-1: Called Strike
1-2: Strikes out looking
Batting: LHB Clyde Yarbrough 0-0: Called Strike
0-1: Ball
1-1: Called Strike
1-2: Foul Ball, location: 2F
1-2: Ball
2-2: Foul Ball, location: 2F
2-2: Foul Ball, location: 2F
2-2: Ball
3-2: SINGLE (Flyball, 9LM)
Batting: RHB Lawrence Schroeder 0-0: Ball
1-0: Called Strike
1-1: DOUBLE (Line Drive, 8RXD)
Clyde Yarbrough to third
Runner from 3rd tries for Home, SAFE, no throw or cutoff
Batting: LHB Dante Owens 0-0: Called Strike
0-1: Foul Ball, location: 2F
0-2: Foul Ball, location: 2F
0-2: Ball
1-2: Fly out, F9 (Flyball, 9M)
Bottom of the 3rd over - 1 run(s), 2 hit(s), 0 error(s), 1 left on base; San Francisco 0 - Niagara Falls 2
TOP OF THE 4TH
San Francisco Bandits batting - Pitching for Niagara Falls Frenzy : RHP Luis López
Batting: RHB Pete Rideout 0-0: Called Strike
0-1: Swinging Strike
0-2: Ball
1-2: Ball
2-2: Foul Ball, location: 2F
2-2: Fly out, F3 (Popup, 3SF)
Batting: RHB Cory Foster 0-0: Called Strike
0-1: Ball
1-1: SINGLE (Line Drive, 7S)
Batting: RHB Jorge Morales 0-0: Called Strike
0-1: Ball
1-1: Ball
2-1: Swinging Strike
2-2: Foul Ball, location: 2F
2-2: SINGLE (Line Drive, 6MD)
Cory Foster to second
Runner from 2nd tries for 3rd, SAFE, throw made to third
Batting: RHB Michael Elliott 0-0: TRIPLE (Line Drive, 89M)
Cory Foster scores
Jorge Morales scores
Batting: LHB Jerry Bryan 0-0: Called Strike
0-1: Fly out, F8 (Flyball, 8LM)
Runner from 3rd tags up, SCORES, no throw
Batting: RHB Bob Orr 0-0: Called Strike
0-1: Ball
1-1: Hit by Pitch
Batting: SHB Vicente Ricks 0-0: Ball
1-0: Ball
2-0: Called Strike
2-1: Called Strike
2-2: Foul Ball, location: 2F
2-2: Ball
3-2: Fly out, F8 (Flyball, 8LS)
Top of the 4th over - 3 run(s), 3 hit(s), 0 error(s), 1 left on base; San Francisco 3 - Niagara Falls 2
BOTTOM OF THE 4TH
Niagara Falls Frenzy batting - Pitching for San Francisco Bandits : LHP Esteban Peña
Batting: RHB Ángel Hinojosa 0-0: Ball
1-0: Ball
2-0: Ground out 5-3 (Groundball, 56S)
Batting: RHB Zander Tremblett 0-0: Ball
1-0: Ball
2-0: Ball
3-0: Base on Balls
Batting: LHB Bill Hall 0-0: Called Strike
0-1: Ball
1-1: Ball
2-1: Foul Ball, location: 2F
2-2: Foul Ball, location: 2F
2-2: Ball
3-2: Fly out, F7 (Flyball, 7M)
Batting: SHB Jong-min Kim 0-0: Ball
1-0: Fielders Choice at 2nd, U4 (Groundball, 4M)
Bottom of the 4th over - 0 run(s), 0 hit(s), 0 error(s), 1 left on base; San Francisco 3 - Niagara Falls 2
TOP OF THE 5TH
San Francisco Bandits batting - Pitching for Niagara Falls Frenzy : RHP Luis López
Batting: RHB Emílio Bruno 0-0: Fly out, F9 (Flyball, 9LD)
Batting: RHB Javier Ramírez 0-0: Called Strike
0-1: Ball
1-1: Foul Ball, location: 2F
1-2: Ground out U3 (Groundball, 3)
Batting: RHB Pete Rideout 0-0: Called Strike
0-1: Called Strike
0-2: Strikes out swinging
Top of the 5th over - 0 run(s), 0 hit(s), 0 error(s), 0 left on base; San Francisco 3 - Niagara Falls 2
BOTTOM OF THE 5TH
Niagara Falls Frenzy batting - Pitching for San Francisco Bandits : LHP Esteban Peña
Batting: RHB Santiago Zambrano 0-0: Called Strike
0-1: Foul Ball, location: 2F
0-2: Strikes out swinging
Batting: SHB Martín De Jesús 0-0: Called Strike
0-1: Bunted foul
0-2: Ball
1-2: Foul Ball, location: 2F
1-2: Foul Ball, location: 2F
1-2: Ball
2-2: Ground out 6-3 (Groundball, 6)
Batting: LHB Clyde Yarbrough 0-0: Ball
1-0: SINGLE (Line Drive, 34)
Batting: RHB Lawrence Schroeder 0-0: Ball
Clyde Yarbrough steals 2nd base
1-0: Called Strike
1-1: Ball
2-1: Ground out 3-1 (Groundball, 34S)
Bottom of the 5th over - 0 run(s), 1 hit(s), 0 error(s), 1 left on base; San Francisco 3 - Niagara Falls 2
TOP OF THE 6TH
San Francisco Bandits batting - Pitching for Niagara Falls Frenzy : RHP Luis López
Batting: RHB Cory Foster 0-0: Ground out 6-3 (Groundball, 6M)
Batting: RHB Jorge Morales 0-0: SINGLE (Flyball, 8RS)
Batting: RHB Michael Elliott 0-0: Called Strike
0-1: Ball
1-1: Ball
Wild Pitch!
Jorge Morales to second
2-1: Foul Ball, location: 2F
2-2: Ball
3-2: Foul Ball, location: 2F
3-2: Strikes out swinging
Batting: LHB Jerry Bryan 0-0: Called Strike
0-1: Ball
1-1: Ground out 4-3 (Groundball, 4M)
Top of the 6th over - 0 run(s), 1 hit(s), 0 error(s), 1 left on base; San Francisco 3 - Niagara Falls 2
BOTTOM OF THE 6TH
Niagara Falls Frenzy batting - Pitching for San Francisco Bandits : LHP Esteban Peña
Batting: LHB Dante Owens 0-0: Ball
1-0: Ball
2-0: SINGLE (Line Drive, 8LS)
Batting: RHB Ángel Hinojosa 0-0: Ball
1-0: Grounds into double play, 4-6-3 (Groundball, 34)
Batting: RHB Zander Tremblett 0-0: Called Strike
0-1: Foul Ball, location: 2F
0-2: Ball
1-2: Ball
2-2: Strikes out swinging
Bottom of the 6th over - 0 run(s), 1 hit(s), 0 error(s), 0 left on base; San Francisco 3 - Niagara Falls 2
TOP OF THE 7TH
San Francisco Bandits batting - Pitching for Niagara Falls Frenzy : RHP Luis López
Batting: RHB Bob Orr 0-0: Called Strike
0-1: Ball
1-1: Fly out, F8 (Flyball, 89D)
Batting: SHB Vicente Ricks 0-0: Ball
1-0: Ball
2-0: Swinging Strike
2-1: Ball
3-1: Foul Ball, location: 2F
3-2: Foul Ball, location: 2F
3-2: Strikes out swinging
Batting: RHB Emílio Bruno 0-0: DOUBLE (Line Drive, 7LS)
Batting: RHB Javier Ramírez 0-0: Ball
1-0: Swinging Strike
1-1: Foul Ball, location: 2F
1-2: Strikes out looking
Top of the 7th over - 0 run(s), 1 hit(s), 0 error(s), 1 left on base; San Francisco 3 - Niagara Falls 2
BOTTOM OF THE 7TH
Niagara Falls Frenzy batting - Pitching for San Francisco Bandits : LHP Esteban Peña
Batting: LHB Bill Hall 0-0: Ball
1-0: Fly out, F3 (Line Drive, 3)
Batting: SHB Jong-min Kim 0-0: Called Strike
0-1: Ball
1-1: Ball
2-1: SINGLE (Line Drive, 4MD)
Batting: RHB Santiago Zambrano 0-0: Ball
1-0: Ball
2-0: Ball
3-0: Called Strike
3-1: Fielders Choice at 2nd, U4 (Groundball, 4M)
Batting: SHB Martín De Jesús 0-0: Ball
Santiago Zambrano is caught stealing 2nd base
Bottom of the 7th over - 0 run(s), 1 hit(s), 0 error(s), 0 left on base; San Francisco 3 - Niagara Falls 2
TOP OF THE 8TH
San Francisco Bandits batting - Pitching for Niagara Falls Frenzy : RHP Luis López
Pitching: RHP Ángel Francisco
Batting: RHB Pete Rideout 0-0: Ground out 5-3 (Groundball, 56S)
Batting: RHB Cory Foster 0-0: Ball
1-0: Called Strike
1-1: Swinging Strike
1-2: Strikes out swinging
Batting: RHB Jorge Morales 0-0: Swinging Strike
0-1: Called Strike
0-2: Strikes out swinging
Top of the 8th over - 0 run(s), 0 hit(s), 0 error(s), 0 left on base; San Francisco 3 - Niagara Falls 2
BOTTOM OF THE 8TH
Niagara Falls Frenzy batting - Pitching for San Francisco Bandits : LHP Esteban Peña
Batting: SHB Martín De Jesús 0-0: Ball
1-0: Called Strike
1-1: Called Strike
1-2: Ball
2-2: Strikes out swinging
Batting: LHB Clyde Yarbrough 0-0: Called Strike
0-1: Ball
1-1: SINGLE (Line Drive, 89S)
Pitching: RHP Carlos Ruíz
Batting: RHB Lawrence Schroeder 0-0: Ball
1-0: Ball
2-0: Grounds into double play, 5-4-3 (Groundball, 5L)
Bottom of the 8th over - 0 run(s), 1 hit(s), 0 error(s), 0 left on base; San Francisco 3 - Niagara Falls 2
TOP OF THE 9TH
San Francisco Bandits batting - Pitching for Niagara Falls Frenzy : RHP Ángel Francisco
Batting: RHB Michael Elliott 0-0: SOLO HOME RUN (Flyball, 8LXD), Distance : 421 ft
Batting: LHB Jerry Bryan 0-0: SINGLE (Line Drive, 3D)
Batting: RHB Bob Orr 0-0: Bunted foul
0-1: Bunted foul
0-2: Fielders Choice at 2nd, 6-4 (Groundball, 56)
Batting: SHB Vicente Ricks 0-0: Called Strike
0-1: Called Strike
0-2: Foul Ball, location: 2F
0-2: Ball
1-2: Ball
2-2: Strikes out swinging
Batting: RHB Emílio Bruno 0-0: Swinging Strike
0-1: Ball
1-1: Foul Ball, location: 2F
1-2: Ground out 5-3 (Groundball, 15S)
Top of the 9th over - 1 run(s), 2 hit(s), 0 error(s), 1 left on base; San Francisco 4 - Niagara Falls 2
BOTTOM OF THE 9TH
Niagara Falls Frenzy batting - Pitching for San Francisco Bandits : RHP Carlos Ruíz
Pitching: RHP José Rivera
Batting: LHB Dante Owens 0-0: Ball
1-0: Foul Ball, location: 2F
1-1: Ground out 6-3 (Groundball, 6)
Batting: RHB Ángel Hinojosa 0-0: Called Strike
0-1: Fly out, F9 (Flyball, 9LM)
Batting: RHB Zander Tremblett 0-0: Ball
1-0: Ground out 6-3 (Groundball, 6)
Bottom of the 9th over - 0 run(s), 0 hit(s), 0 error(s), 0 left on base; San Francisco 4 - Niagara Falls 2
Monday, December 5th, 2016 - OOTP Baseball 17.12 Build 75